 Dungeon Crawl Stone Soup version 0.29-a0-451-gfbfa42419e (webtiles) character file.

Game seed: 370096318969529127

1850 zeratav the Geomancer (level 9, -4/54 HPs)
             Began as an Octopode Earth Elementalist on May 16, 2022.
             Engulfed by a cloud of steam (5 damage)
             ... on level 6 of the Dungeon on May 19, 2022.
             The game lasted 00:15:24 (7403 turns).

zeratav the Geomancer (Octopode Earth Elementalist) Turns: 7403, Time: 00:15:24

Health: -4/54      AC:  1    Str: 14    XL:     9   Next: 12%
Magic:  9/18       EV: 13    Int: 21    God:
Gold:   272        SH:  0    Dex: 18    Spells: 16/20 levels left

rFire   . . .      SeeInvis .   u - +6 trident "Ruruir Pame" {elec, +Blink rC+, polearm}
rCold   + . .      Faith    .   (no shield)
rNeg    . . .      Spirit   .   (helmet restricted)
rPois   .          Reflect  .   (no amulet)
rElec   .          Harm     .   d - +6 ring of dexterity
rCorr   .          Rampage  .   s - ring of flight
Will    .....                   E - +6 ring of strength
Stlth   +++.......              (no ring)
HPRegen 0.18/turn               (no ring)
MPRegen 0.16/turn               (no ring)
                                (no ring)
                                (no ring)

@: flying
A: almost no armour, amphibious, 8 rings, camouflage 1, gelatinous body 1,
(nimble swimmer 1), tentacles
a: Evoke Blink


You were on level 6 of the Dungeon.
You visited 2 branches of the dungeon, and saw 7 of its levels.

You collected 272 gold pieces.


Innate Abilities, Weirdness & Mutations

You cannot wear most types of armour.
You are amphibious.
You can wear up to eight rings at the same time.
Your skin changes colour to match your surroundings (Stealth+).
Your rubbery body absorbs attacks. (AC +1, EV +1)
((You are camouflaged when in or above water. (Stealth+)))
You have tentacles for arms and can constrict up to eight enemies at once.


   Skills:
 + Level 2.0 Fighting
 - Level 2.0 Dodging
 - Level 2.6 Stealth
 - Level 6.0 Spellcasting
 - Level 1.0 Transmutations
 - Level 10.0 Earth Magic


You had 16 spell levels left.
You knew the following spells:

 Your Spells              Type           Power      Damage    Failure   Level
a - Sandblast             Erth           96%        2d20      1%          1
b - Stone Arrow           Conj/Erth      54%        3d10      3%          3

Your spell library contained the following spells:

 Spells                   Type           Power      Damage    Failure   Level
 Passwall                 Tmut/Erth      24%        N/A       1%          2
 Magic Dart               Conj           24%        1d4       10%         1
 Wereblood                Tmut           10%        N/A       10%         2
 Petrify                  Tmut/Erth      29%        N/A       10%         4
 Call Imp                 Summ           6%         N/A       14%         2
 Sublimation of Blood     Necr           6%         N/A       14%         2
 Mephitic Cloud           Conj/Pois/Air  6%         N/A       28%         3
 Ozocubu's Armour         Ice            6%         N/A       28%         3
 Ozocubu's Refrigeration  Ice            3%         4d5       100%        7
 Summon Hydra             Summ           3%         N/A       100%        7

Inventory:

Hand Weapons
 e - a +0 short sword {short}
   (You took it off a kobold on level 1 of the Dungeon)
 u - the +6 trident "Ruruir Pame" (weapon) {elec, +Blink rC+, polearm}
   (You found it on level 4 of the Dungeon)

   It occasionally discharges a powerful burst of electricity upon striking a
   foe.
   rC:        It protects you from cold.
   +Blink:    It lets you blink.
Missiles
 a - 104 stones {throwing}
Jewellery
 d - a +6 ring of dexterity (left tentacle)
   (You found it on level 1 of the Dungeon)
 s - a ring of flight (right tentacle)
   (You found it on level 3 of the Dungeon)
 E - a +6 ring of strength (on tentacle)
   (You found it on level 5 of the Dungeon)
Wands
 y - a wand of paralysis (6)
   (You found it on level 4 of the Dungeon)
Scrolls
 c - 3 scrolls of identify {unknown}
 f - 2 scrolls of teleportation {unknown}
 g - 3 scrolls of immolation {unknown}
 i - 2 scrolls of fog {unknown}
 j - 4 scrolls of magic mapping {!r}
 m - a scroll of noise {unknown}
 q - a scroll of poison {unknown}
 v - 2 scrolls of enchant weapon {unknown}
 w - a scroll of amnesia {unknown}
 z - a scroll of fear {unknown}
 A - 2 scrolls of vulnerability {unknown}
 C - a scroll of brand weapon {unknown}
Potions
 b - a potion of magic
 h - a potion of flight {unknown}
 k - 2 potions of resistance
 l - 2 potions of heal wounds {@q2}
 n - a potion of cancellation {unknown}
 o - 4 potions of haste {unknown}
 p - 4 potions of degeneration {unknown}
 r - 5 potions of curing {unknown}
 t - a potion of attraction {unknown}
 x - a potion of invisibility {unknown}
 B - a potion of might {unknown}
 D - a potion of brilliance {unknown}

Dungeon Overview and Level Annotations

Branches:
Dungeon (6/15)             Temple (1/1) D:5

Altars:
Ashenzari
Cheibriados
Kikubaaqudgha
Makhleb
Okawaru
Qazlal
Sif Muna
Trog
Uskayaw
Yredelemnul

Shops:
D:3

? #...................
#?.##.####.......... #
##............#......
.##.............#..###.
......................
#...#..##.#.#)#......
#.##§..#..##............
.?.§..§....§............
.F....[@.§§.............
#.##...#§§#.##.#.#..###.
#...#..#.##....... .
..........# ....... ..
..........#.# .#.#.. ##
.........##.# .# .
#.##.#.#.##.# . #. #...
.. .


You could see a bullfrog.


Message History

Press: ? - help, Shift-Dir - straight line, f/p - Prince Ribbit
Aim: Prince Ribbit (severely wounded, 70% to hit)
The blast of sand hits Prince Ribbit!!
You kill Prince Ribbit!
Training target 10.0 for Earth Magic reached!
Your Earth Magic skill increases to level 10!
You need to enable at least one skill for training.
Your Fighting skill increases to level 1!
You have reached level 9!
Your experience leads to an increase in your attributes!
Your base attributes are Str 8, Int 19, Dex 12.
Increase (S)trength, (I)ntelligence, or (D)exterity?
You feel clever. x2
HP[+7] MP[-1]
You now have 53 max hp (+7).
Your hp is fully restored (53).
Okay, then.
Okay, then.
Done exploring.
Done exploring.
MP[+3]
Your mp is fully restored (18).
Done exploring.
(D) Dungeon (T) Temple
Where to? (Enter - D:5 @ (x,y), ? - help)
You see here a +1 barding.
There is a stone staircase leading down here.
You fly downwards.
There is a stone staircase leading up here.
r - 5 fuming emerald potions (gained 2)
An ogre comes into view. It is wielding a +0 giant spiked club.
The ogre shouts!
Casting: Sandblast (safe; 1% risk of failure)
Confirm with . or Enter, or press ? or * to list all spells.
You can't see any susceptible monsters within range! (Use Z to cast anyway.) Unknown command.
Casting: Sandblast (safe; 1% risk of failure)
Confirm with . or Enter, or press ? or * to list all spells.
Aiming: Stone Arrow (dangerous; 3% risk of failure)
Press: ? - help, Shift-Dir - straight line, f - ogre
Aim: an ogre, wielding a +0 giant spiked club (86% to hit)
The stone arrow hits the ogre!!
You kill the ogre!
Your Fighting skill increases to level 2!
HP[+1] MP[-3]
You now have 54 max hp (+1).
Your hp is fully restored (54).
You lost 3 mp, and now have 15/18 mp.
Casting: Stone Arrow (dangerous; 3% risk of failure)
Confirm with . or Enter, or press ? or * to list all spells.
You can't see any susceptible monsters within range! (Use Z to cast anyway.)
A steam dragon comes into view.
MP[+3]
Your mp is fully restored (18).
Okay, then.
The steam dragon hisses angrily.
The steam dragon breathes steam at you. The ball of steam hits you!!
You hear a croak.
HP[-21]
You take 21 damage, and now have 33/54 hp.
MASSIVE DAMAGE!! (PAUSE)
Casting: Stone Arrow (dangerous; 3% risk of failure)
Confirm with . or Enter, or press ? or * to list all spells.
Aiming: Stone Arrow (dangerous; 3% risk of failure)
Press: ? - help, Shift-Dir - straight line, f - steam dragon
Aim: a steam dragon (steam, 71% to hit)
The stone arrow hits the steam dragon.
You are engulfed in a cloud of scalding steam.
* * * LOW HITPOINT WARNING * * *
The steam dragon closely misses you. The steam dragon claws you.
* * * LOW HITPOINT WARNING * * *
A bullfrog comes into view.
HP[-13] MP[-3]
You take 13 damage, and now have 20/54 hp.
MASSIVE DAMAGE!! (PAUSE)
You lost 3 mp, and now have 15/18 mp.
Casting: Stone Arrow (dangerous; 3% risk of failure)
Confirm with . or Enter, or press ? or * to list all spells.
Aiming: Stone Arrow (dangerous; 3% risk of failure)
Press: ? - help, Shift-Dir - straight line, f/p - steam dragon
Aim: a steam dragon (lightly wounded, 71% to hit)
The stone arrow hits the steam dragon!
The bullfrog gives a loud, deep croak!
The steam dragon breathes steam at you. The ball of steam hits you!!
* * * LOW HITPOINT WARNING * * *
You hear an angry growl.
HP[-19] MP[-3]
You take 19 damage, and now have 1/54 hp.
MASSIVE DAMAGE!! (PAUSE)
You lost 3 mp, and now have 12/18 mp.
Casting: Stone Arrow (dangerous; 3% risk of failure)
Confirm with . or Enter, or press ? or * to list all spells.
Aiming: Stone Arrow (dangerous; 3% risk of failure)
Press: ? - help, Shift-Dir - straight line, f/p - steam dragon
Aim: a steam dragon (severely wounded, catching its breath, 71% to hit)
The stone arrow hits the steam dragon!!
You kill the steam dragon!
The steam dragon scales are intact enough to wear.
You are engulfed in a cloud of scalding steam.
You die...

Skill      XL: |  1  2  3  4  5  6  7  8  9 |
---------------+----------------------------+-----
Earth Magic    | 4 5 6 8 10 | 10.0
Spellcasting   | 3 4 5 6 |  6.0
Fighting       | 1 2 |  2.0
Dodging        | |  2.0
Stealth        | |  2.6
Transmutations | |  1.0

Action                   |  1- 3 |  4- 6 |  7- 9 || total
-------------------------+-------+-------+-------++-------
Melee: Dagger            |     8 |       |       ||     8
       Constrict         |    18 |    14 |    11 ||    43
       Tentacles         |    11 |    12 |     9 ||    32
       Unarmed           |     2 |       |       ||     2
       Short sword       |    47 |    25 |       ||    72
       Trident           |       |    36 |    43 ||    79
       Punch             |       |       |     2 ||     2
 Cast: Sandblast         |    23 |    18 |    51 ||    92
       Stone Arrow       |       |       |     4 ||     4
  Use: Potion            |       |       |     2 ||     2
       Scroll            |       |       |     1 ||     1
 Stab: Sleeping          |     3 |    10 |     3 ||    16
       Distracted        |     1 |     1 |       ||     2
Armor: Skin              |     3 |     5 |     2 ||    10
Dodge: Dodged            |    43 |    31 |    38 ||   112

Levels and vault maps discovered:
D:1:      lightli_arrival_boilingwater, layout_basic, minmay_tetromino_o4
D:2:      layout_basic, chequers_ecumenical_altar_lobes, minmay_tripent
D:3:      layout_loops_ring, serial_shops, shop
D:4:      kennysheep_slugbush, layout_basic, minmay_fractal_squares_diagonal_5,
          uniq_natasha
D:5:      layout_rooms, minmay_temple_entry_junction, serial_corexii_hall,
          corexii_hall_statues_x, corexii_hall_statues_u,
          chequers_hall_statues_wall_a, chequers_hall_statues_y,
          minmay_diced_spiral, uniq_sigmund, uniq_pikel,
          uniq_crazy_yiuf_cottage, uniq_prince_ribbit1
D:6:      gammafunk_wand_slinger, layout_basic, tso_altar,
          chequers_serial_rivers_marsh, uniq_eustachio
Temple:   dpeg_chambers_temple

Notes
Turn   | Place    | Note
-------+----------+-------------------------------------------
     0 | D:1      | zeratav the Octopode Earth Elementalist began the quest for
                  | the Orb.
     0 | D:1      | Reached XP level 1. HP: 11/11 MP: 3/3
     0 | D:1      | magus.rc [v1.9.6]
   426 | D:1      | Reached XP level 2. HP: 10/17 MP: 1/5
   877 | D:1      | Upgraded the game from 0.29-a0-416-g83a48905f1 to
                  | 0.29-a0-451-gfbfa42419e
   877 | D:1      | magus.rc [v1.9.6]
  1268 | D:1      | Reached XP level 3. HP: 21/21 MP: 6/6
  1694 | D:2      | Found a faded altar of an unknown god.
  1723 | D:2      | Reached skill level 4 in Earth Magic
  2101 | D:2      | You pick up a book of Minor Magic and begin reading...
  2101 | D:2      | You add the spells Magic Dart, Call Imp and Mephitic Cloud
                  | to your library.
  2348 | D:2      | Learned a level 3 spell: Stone Arrow
  2523 | D:3      | Noticed a black bear
  2527 | D:3      | Reached XP level 4. HP: 27/27 MP: 8/8
  2529 | D:3      | Killed a black bear
  2530 | D:3      | Reached skill level 3 in Spellcasting
  2530 | D:3      | Reached skill level 5 in Earth Magic
  2530 | D:3      | Reached XP level 5. HP: 19/31 MP: 5/9
  3269 | D:3      | Found Ycoudomp's Magic Scroll Shop.
  3423 | D:4      | Noticed Natasha
  3435 | D:4      | Killed Natasha
  3644 | D:4      | Reached XP level 6. HP: 36/36 MP: 9/11
  3776 | D:4      | Identified the +6 trident "Ruruir Pame" {elec, +Blink rC+}
  3858 | D:4      | Reached skill level 6 in Earth Magic
  3866 | D:4      | Noticed Natasha
  3871 | D:4      | Killed Natasha
  4089 | D:4      | Noticed Natasha
  4098 | D:4      | Killed Natasha
  4175 | D:4      | Reached skill level 4 in Spellcasting
  4309 | D:4      | You add the spells Ozocubu's Armour and Ozocubu's
                  | Refrigeration to your library.
  4333 | D:4      | Reached XP level 7. HP: 40/41 MP: 13/13
  4754 | D:5      | Entered Level 5 of the Dungeon
  4762 | D:5      | Found a staircase to the Ecumenical Temple.
  4765 | D:5      | Reached skill level 7 in Earth Magic
  4783 | Temple   | Entered the Ecumenical Temple
  5030 | D:5      | You pick up a book of Blood and begin reading...
  5030 | D:5      | You add the spells Sublimation of Blood, Wereblood and
                  | Summon Hydra to your library.
  5062 | D:5      | HP: 9/41 [orc/+0 falchion (6)]
  5656 | D:5      | Noticed Sigmund
  5726 | D:5      | Killed Sigmund
  5727 | D:5      | Reached skill level 5 in Spellcasting
  5727 | D:5      | Reached skill level 8 in Earth Magic
  5727 | D:5      | Reached XP level 8. HP: 24/46 MP: 7/15
  6046 | D:5      | HP: 11/46 [poisoned by an orc priest]
  6047 | D:4      | HP: 5/46 [poisoned by an orc priest]
  6636 | D:5      | Noticed Prince Ribbit
  6682 | D:5      | Noticed Pikel
  6885 | D:5      | Found a runed translucent door.
  6886 | D:5      | Noticed Crazy Yiuf
  6892 | D:5      | Killed Crazy Yiuf
  7078 | D:5      | Killed Pikel
  7079 | D:5      | Reached skill level 6 in Spellcasting
  7079 | D:5      | Reached skill level 9 in Earth Magic
  7245 | D:5      | Killed Prince Ribbit
  7246 | D:5      | Reached skill level 10 in Earth Magic
  7246 | D:5      | Reached skill level 1 in Fighting
  7246 | D:5      | Reached XP level 9. HP: 53/53 MP: 15/18
  7370 | D:6      | Reached skill level 2 in Fighting
  7402 | D:6      | HP: 1/54 [steam dragon/ball of steam (19)]
  7403 | D:6      | Engulfed by a cloud of steam

Vanquished Creatures
  Pikel (D:5)
  Prince Ribbit (D:5)
  Sigmund (D:5)
  A steam dragon (D:6)
  An orc warrior (D:4)
  A black bear (D:3)
  An ogre (D:6)
  3 lemures (D:5)
  A phantom (D:4)
  3 hounds (D:5)
  A jelly (D:4)
  3 orc priests
  A gnoll shaman (D:5)
  Crazy Yiuf (D:5)
  3 iguanas (D:5)
  Natasha (thrice) (D:4)
  5 orc wizards
  2 adders
  3 gnolls (D:5)
  A white imp (D:5)
  An ufetubus (D:3)
  2 worms
  8 dart slugs
  18 orcs
  4 bats
  6 endoplasms
  A giant cockroach (D:2)
  4 goblins
  7 hobgoblins
  5 jackals
  6 quokkas
  7 ball pythons
  3 frilled lizards
  10 kobolds
  3 rats
122 creatures vanquished.

Table legend:
 A = Non-vault XP
 B = Vault XP
 C = Vault XP percentage of total XP
 D = Non-vault monster count
 E = Vault monster count
 F = Vault count percentage of total count
                 A         B        C        D         E       F
            +---------+---------+-------+---------+---------+-------
      Total |    1397 |    1428 |  50.5 |      94 |      25 |  21.0
            +---------+---------+-------+---------+---------+-------
        D:1 |      27 |       7 |  20.6 |      16 |       3 |  15.8
        D:2 |      34 |       3 |   8.1 |      16 |       2 |  11.1
        D:3 |     197 |       0 |   0.0 |      18 |       0 |   0.0
        D:4 |     396 |     181 |  31.4 |      18 |      14 |  43.8
        D:5 |     450 |    1237 |  73.3 |      24 |       6 |  20.0
        D:6 |     293 |       0 |   0.0 |       2 |       0 |   0.0
            +---------+---------+-------+---------+---------+-------

Illustrated notes

Table legend:
 A = Kills in this place as a percentage of kills in entire the game.
 B = Kills by you in this place as a percentage of kills by you in the entire game.
 C = Kills by friends in this place as a percentage of kills by friends in the entire game.
 D = Other kills in this place as a percentage of other kills in the entire game.
 E = Experience gained in this place as a percentage of experience gained in the entire game.
 F = Experience gained in this place divided by the number of levels of this place that you have seen.
                   A       B       C       D       E      F
               +-------+-------+-------+-------+-------+----------------------
         Total | 100.0 | 100.0 |   N/A |   N/A | 100.0 | 403.6
       Dungeon | 100.0 | 100.0 |   N/A |   N/A | 100.0 | 470.8
               +-------+-------+-------+-------+-------+----------------------

Table legend: (Time is in decaauts)
 A = Elapsed time spent in this place.
 B = Non-inter-level travel time spent in this place.
 C = Inter-level travel time spent in this place.
 D = Time resting spent in this place.
 E = Time spent auto-exploring this place.
 F = Levels seen in this place.
 G = Mean time per level.
                   A        B        C        D        E       F      G
               +--------+--------+--------+--------+--------+-----+--------+
         Total |   7429 |   7201 |    228 |   2471 |   3519 |   7 | 1061.3 |
       Dungeon |   7203 |   6984 |    219 |   2471 |   3329 |   6 | 1200.5 |
        Temple |    225 |    217 |      8 |      0 |    190 |   1 |  225.0 |
               +--------+--------+--------+--------+--------+-----+--------+

Top non-repeatable levels by time:
     D:5: 2016 daAuts
     D:4: 1682 daAuts
     D:1: 1340 daAuts
     D:3: 1040 daAuts
     D:2: 1026 daAuts
  Temple: 225 daAuts
     D:6: 97 daAuts
